 Dungeon Crawl Stone Soup version 0.31.0-11-ge490571c62 (webtiles) character file.

Game seed: 12522218046616278007

57 qw the Shooter (level 3, -1/20 HPs)
             Began as a Deep Elf Hunter on Feb 5, 2024.
             Slain by a goblin
             ... wielding a +0 club
             ... led by Robin
              (3 damage)
             ... on level 2 of the Dungeon.
             The game lasted 00:00:29 (1226 turns).

qw the Shooter (Deep Elf Hunter)                    Turns: 1226, Time: 00:00:30

Health: -1/20      AC:  5    Str: 10    XL:     3   Next: 73%
Magic:  5/5        EV: 11    Int: 13    God:
Gold:   28         SH:  0    Dex: 18    Spells: 2/2 levels left

rFire   . . .        a - +0 shortbow
rCold   . . .        (shield currently unavailable)
rNeg    . . .        h - +0 ring mail
rPois   .            (no helmet)
rElec   .            (no cloak)
rCorr   .            (no gloves)
SInv    .            (no boots)
Will    .....        (no amulet)
Stlth   +            (no ring)
HPRegen 0.23/turn    (no ring)
MPRegen 0.09/turn

%: no passive effects
@: no status effects
A: no striking features
a: no special abilities


You were on level 2 of the Dungeon.
You visited 1 branch of the dungeon, and saw 2 of its levels.

You collected 28 gold pieces.


   Skills:
 - Level 1.5 Fighting
 + Level 7.2 Ranged Weapons
 - Level 2.4 Dodging
 - Level 1.2 Stealth


You had 2 spell levels left.
You didn't know any spells.
Your spell library was empty.

Inventory:

Hand Weapons
 a - a +0 shortbow (weapon)
Armour
 h - a +0 ring mail (worn)
Jewellery
 c - a ring of resist corrosion
Scrolls
 b - a scroll of identify {unknown}
 d - a scroll of poison {unknown}
Potions
 e - a potion of attraction {unknown}
 f - 2 potions of cancellation {unknown}
 g - a potion of heal wounds {unknown}

Dungeon Overview and Level Annotations

Branches:
Dungeon (2/15)

Altars:

Shops:
D:2 :

Annotations:
D:2 Robin


Message History

A hobgoblin comes into view.
You shoot an arrow.
The arrow hits the hobgoblin but does no damage.
A goblin comes into view. It is wielding a +0 club.
You shoot an arrow. The goblin shouts!
The arrow hits the hobgoblin.
The hobgoblin is moderately wounded.
The hobgoblin hits you but does no damage.
Robin of the Strong Arm comes into view.
They are wielding a +2 spear of flaming.
The hobgoblin hits you. The goblin barely misses you.
You shoot an arrow. The arrow hits the hobgoblin.
The hobgoblin is severely wounded.
The goblin closely misses you. The hobgoblin hits you.
Robin throws the goblin at you!
You shoot an arrow. The arrow hits the hobgoblin!
You kill the hobgoblin!
The goblin barely misses you. x2; The goblin closely misses you.
You shoot an arrow. The arrow closely misses the goblin.
The goblin hits you but does no damage. The goblin hits you with a +0 club.
The goblin hits you but does no damage. The goblin barely misses you.
You shoot an arrow. The arrow barely misses the goblin.
The goblin hits you with a +0 club. x2; The goblin hits you but does no damage.
The goblin barely misses you.
You shoot an arrow. The arrow closely misses the goblin.
The goblin hits you with a +0 club. x2
Robin's horned helmet rattles.
Robin roars a battlecry!
The goblins go into a battle-frenzy!
The goblin hits you but does no damage. The goblin closely misses you.
The goblin hits you but does no damage. The goblin barely misses you.
The goblin hits you with a +0 club. The goblin hits you but does no damage.
The goblin hits you with a +0 club.
You shoot an arrow. The arrow barely misses the goblin.
The goblin hits you with a +0 club.
A goblin comes into view. It is wielding a +0 dagger.
The goblin misses you.
A goblin comes into view. It is wielding a +0 club.
The goblin hits you with a +0 club.
You die...

### ... ##.####
###########g......
..........@gg.....
........ggg.g.###
####.<.[...%....g
#..........#.####
#. #.#####....#..g
#. #....#.... #.
#......#### #.
#.#..### #.
#.#####.#..# #.#.


You could see Robin, a hobgoblin (strong) and 7 goblins.

Vanquished Creatures
  A gnoll (D:1)
  2 dart slugs (D:1)
  2 ball pythons
  6 endoplasms (D:1)
  A giant cockroach (D:1)
  2 goblins
  9 hobgoblins
  3 jackals (D:1)
  2 quokkas
  3 bats (D:1)
  2 frilled lizards (D:1)
  3 kobolds (D:1)
  2 rats (D:1)
38 creatures vanquished.

Notes
Turn   | Place    | Note
-------+----------+-------------------------------------------
     0 | D:1      | qw the Deep Elf Hunter began the quest for the Orb.
     0 | D:1      | Reached XP level 1. HP: 12/12 MP: 3/3
     0 | D:1      | 0 ||| qw: Version: 0.3-a-160-g6735b56
     0 | D:1      | 0 ||| qw: Game counter: 6549
     0 | D:1      | 0 ||| qw: Melee chars always use a shield: true
     0 | D:1      | 0 ||| qw: God list: Okawaru
     0 | D:1      | 0 ||| qw: Allow faded altars: false
     0 | D:1      | 0 ||| qw: Do Orc after clearing Dungeon:15 true
     0 | D:1      | 0 ||| qw: Do second Lair branch before Depths: true
     0 | D:1      | 0 ||| qw: Lair rune preference: random
     0 | D:1      | 0 ||| qw: Goals: Normal
     0 | D:1      | 0 ||| PLANNING D:1-11
   196 | D:1      | Reached skill level 6 in Ranged Weapons
   196 | D:1      | Reached XP level 2. HP: 16/16 MP: 4/4
   350 | D:1      | Reached XP level 3. HP: 20/20 MP: 5/5
   612 | D:1      | Reached skill level 7 in Ranged Weapons
   951 | D:1      | 951 ||| UPGRADING to +0 ring mail.
   961 | D:1      | 961 ||| DROPPING +0 leather armour.
   962 | D:1      | 962 ||| DROPPING +6 ring of intelligence.
   963 | D:1      | 963 ||| READING scroll labelled ZOIV LUS JOOLL.
   964 | D:1      | 964 ||| DROPPING scroll of butterflies.
  1025 | D:2      | Found Typniykh's Book Boutique.
  1220 | D:2      | Noticed Robin
  1225 | D:2      | HP: 4/20 [goblin/+0 club[Robin] (2)]
  1226 | D:2      | Slain by a goblin

Levels and vault maps discovered:
D:1:      dpeg_arrival_arbitrary_c, layout_basic
D:2:      layout_loops_ring, serial_shops, shop, ebering_ecumenical_altar_rust,
          uniq_sigmund, uniq_robin, uniq_crazy_yiuf_cottage

Skill      XL: |  1  2  3 |
---------------+----------+-----
Ranged Weapons | 6 7 |  7.2
Fighting       | |  1.5
Dodging        | |  2.4
Stealth        | |  1.2

Action                     || total
---------------------------++-------
   Fire: Shortbow          ||   133
    Use: Scroll            ||     1
 Armour: Leather armour    ||    24
         Ring mail         ||    20
  Dodge: Dodged            ||    38

Table legend:
 A = Non-vault XP
 B = Vault XP
 C = Vault XP percentage of total XP
 D = Non-vault monster count
 E = Vault monster count
 F = Vault count percentage of total count
                 A         B        C        D         E       F
            +---------+---------+-------+---------+---------+-------
      Total |      78 |       4 |   4.9 |      36 |       2 |   5.3
            +---------+---------+-------+---------+---------+-------
        D:1 |      67 |       0 |   0.0 |      30 |       0 |   0.0
        D:2 |      11 |       4 |  26.7 |       6 |       2 |  25.0
            +---------+---------+-------+---------+---------+-------
